 Dungeon Crawl Stone Soup version 0.23-a0-494-g91793a9 (webtiles) character file.

122 zishaf the Magician (level 5, 0/37 HPs)
             Began as a Gnoll Wizard on Dec 4, 2018.
             Was a Follower of Cheibriados.
             Slain by an ice beast (5 damage)
             ... on level 1 of the Dungeon.
             The game lasted 00:06:55 (2036 turns).

zishaf the Magician (Gnoll Wizard)                  Turns: 2036, Time: 00:06:55

Health: 0/37       AC:  2    Str: 11    XL:     5   Next: 6%
Magic:  0/14       EV: 14    Int: 24    God:    Cheibriados [*.....]
Gold:   98         SH:  4    Dex: 15    Spells: 7/18 levels left

rFire    . . .     SeeInvis .   c - -1 dagger (curse)
rCold    . . .     Gourm    .   v - +0 buckler
rNeg     . . .     Faith    .   a - +0 robe
rPois    .         Spirit   .   b - +0 hat
rElec    .         Reflect  .   (no cloak)
rCorr    .         Harm     .   (no gloves)
MR       .....                  (no boots)
Stlth    +++.......             k - amulet of regeneration
HPRegen  0.52/turn              h - +1 ring of slaying
MPRegen  0.14/turn              (no ring)

@: very slow
A: distributed training, fangs 1, strong nose
a: Bend Time, Renounce Religion


You were on level 1 of the Dungeon.
You worshipped Cheibriados.
Cheibriados was aware of your devotion.
You were not hungry.

You visited 1 branch of the dungeon, and saw 3 of its levels.

You collected 98 gold pieces.

Inventory:

Hand Weapons
 c - a cursed -1 dagger (weapon)
 g - a +0 dagger of venom
 t - a +0 blowgun
Missiles
 u - 4 poisoned needles
Armour
 a - a +0 robe (worn)
 b - a +0 hat (worn)
 v - a +0 buckler (worn)
Jewellery
 h - a +1 ring of slaying (left hand)
 k - an amulet of regeneration (around neck)
 q - an uncursed amulet of the gourmand {unknown}
Wands
 n - a wand of acid (12)
Scrolls
 e - a scroll of fear {unknown}
 l - a scroll of immolation {unknown}
 m - a scroll of noise {unknown}
 p - a scroll of enchant armour {unknown}
 r - a scroll of blinking {unknown}
 s - a scroll of remove curse {unknown}
 w - a scroll of enchant weapon {unknown}
Potions
 i - a potion of mutation {unknown}
 j - a potion of lignification {unknown}
 o - a potion of agility {unknown}
Comestibles
 d - 7 rations


   Skills:
 + Level 1.3 Fighting
 + Level 1.3 Short Blades
 + Level 1.3 Long Blades
 + Level 1.3 Axes
 + Level 1.3 Maces & Flails
 + Level 1.3 Polearms
 + Level 1.3 Staves
 + Level 1.3 Slings
 + Level 1.3 Bows
 + Level 1.3 Crossbows
 + Level 1.3 Throwing
 + Level 1.3 Armour
 + Level 4.7 Dodging
 + Level 4.3 Stealth
 + Level 1.3 Shields
 + Level 1.3 Unarmed Combat
 + Level 7.2 Spellcasting
 + Level 2.3 Conjurations
 + Level 1.0 Hexes
 + Level 1.0 Charms
 + Level 2.3 Summonings
 + Level 1.0 Necromancy
 + Level 2.3 Translocations
 + Level 1.0 Transmutations
 + Level 1.0 Fire Magic
 + Level 1.0 Ice Magic
 + Level 1.0 Air Magic
 + Level 1.0 Earth Magic
 + Level 1.0 Poison Magic
 + Level 1.4 Invocations
 + Level 1.3 Evocations


You had 7 spell levels left.
You knew the following spells:

 Your Spells              Type           Power        Failure   Level  Hunger
a - Magic Dart            Conj           ###.         3%          1    None
b - Call Imp              Summ           ###.....     6%          2    None
c - Mephitic Cloud        Conj/Pois/Air  ###.....     16%         3    None
d - Conjure Flame         Conj/Fire      ###.....     14%         3    None
e - Blink                 Tloc           N/A          6%          2    None

Your spell library contained the following spells:

 Spells                   Type           Power        Failure   Level  Hunger
 Slow                     Hex            ##......     10%         2    None


Dungeon Overview and Level Annotations

Branches:
Dungeon (3/15)

Altars:
Cheibriados


Innate Abilities, Weirdness & Mutations

Your experience applies equally to all skills.
You have very sharp teeth.
Your uncanny sense of smell can sniff out nearby items.


Message History

Aim: an ice beast (severely wounded)
The magic dart hits the ice beast.
The ice beast is severely wounded.
The ice beast misses you. The ice beast hits you.
* * * LOW HITPOINT WARNING * * *
The ice beast freezes you!
* * * LOW HITPOINT WARNING * * *
Casting: Magic Dart (safe; 3% risk of failure)
Confirm with . or Enter, or press ? or * to list all spells.
Aiming: Magic Dart (safe; 3% risk of failure)
Press: ? - help, Shift-Dir - straight line, f/p - ice beast
Aim: an ice beast (severely wounded)
The magic dart hits the ice beast.
The ice beast is severely wounded.
You block the ice beast's attack. The ice beast hits you.
* * * LOW HITPOINT WARNING * * *
The ice beast freezes you.
You die...

#####.............##....(........
# #...#.........##.............
### #####.........##........#....
..## #.........###...(...#....
#..### #..........##.......##...
##...####.###.....)..............
####.##.))# ##...............##..
..##.##.### ###.....[....####...
..##....######.Y@.#.....#.## #...
..##..####.....#..#...>....# #...
.............###..(........###...
...........#...#....#####...##...
...........###.#.#.##...##....[..
...........###....##..<..##.....#
#..........#.....##.......##.####
................##..⌠...⌠..##..##
..##.###.......##.(.........##...


You could see an ice beast.

Vanquished Creatures
  6 adders
  A worm (D:3)
  2 dart slugs
  2 leopard geckos (D:2)
  An orc (D:3)
  A giant cockroach (D:1)
  9 goblins
  8 hobgoblins
  5 jackals
  A ball python (D:1)
  6 bats
  2 frilled lizards
  7 kobolds
  9 rats
60 creatures vanquished.

Notes
Turn   | Place    | Note
-------+----------+-------------------------------------------
     0 | D:1      | zishaf the Gnoll Wizard began the quest for the Orb.
     0 | D:1      | Reached XP level 1. HP: 13/13 MP: 8/8
    74 | D:1      | Reached XP level 2. HP: 18/19 MP: 0/10
   340 | D:1      | Reached XP level 3. HP: 22/25 MP: 1/11
   781 | D:2      | Reached skill level 1 in Invocations
   927 | D:2      | Learned a level 2 spell: Blink
   931 | D:2      | Learned a level 3 spell: Conjure Flame
   935 | D:2      | Learned a level 3 spell: Mephitic Cloud
   938 | D:2      | Learned a level 2 spell: Call Imp
   953 | D:2      | Reached skill level 1 in Fighting
   953 | D:2      | Reached skill level 1 in Short Blades
   953 | D:2      | Reached skill level 1 in Long Blades
   953 | D:2      | Reached skill level 1 in Axes
   953 | D:2      | Reached skill level 1 in Maces & Flails
   953 | D:2      | Reached skill level 1 in Polearms
   953 | D:2      | Reached skill level 1 in Staves
   953 | D:2      | Reached skill level 1 in Slings
   953 | D:2      | Reached skill level 1 in Bows
   953 | D:2      | Reached skill level 1 in Crossbows
   953 | D:2      | Reached skill level 1 in Throwing
   953 | D:2      | Reached skill level 1 in Armour
   953 | D:2      | Reached skill level 1 in Shields
   953 | D:2      | Reached skill level 1 in Unarmed Combat
   953 | D:2      | Reached skill level 1 in Evocations
  1118 | D:2      | Found a snail-covered altar of Cheibriados.
  1127 | D:2      | Became a worshipper of Cheibriados the Contemplative
  1170 | D:2      | Reached XP level 4. HP: 32/32 MP: 10/13
  1541 | D:2      | Reached skill level 1 in Hexes
  1541 | D:2      | Reached skill level 1 in Charms
  1541 | D:2      | Reached skill level 1 in Necromancy
  1541 | D:2      | Reached skill level 1 in Transmutations
  1541 | D:2      | Reached skill level 1 in Fire Magic
  1541 | D:2      | Reached skill level 1 in Ice Magic
  1541 | D:2      | Reached skill level 1 in Air Magic
  1541 | D:2      | Reached skill level 1 in Earth Magic
  1541 | D:2      | Reached skill level 1 in Poison Magic
  1758 | D:3      | Reached XP level 5. HP: 37/37 MP: 9/14
  1763 | D:3      | Reached * piety under Cheibriados
  1896 | D:3      | Noticed an ice beast
  2036 | D:1      | Slain by an ice beast

Vault maps used:
D:1:      dpeg_arrival_lava_temple_mockup
D:2:      first_ration, cheibriados_altar_1
D:3:      serial_curves, eino_curves_04, eino_curves_01,
          hangedman_decor_opposing, uniq_crazy_yiuf_cottage

Skill      XL: |  1  2  3  4 |
---------------+-------------+-----
Conjurations   | 2 |  2.3
Summonings     | 2 |  2.3
Translocations | 2 |  2.3
Invocations    | 1 |  1.4
Fighting       | 1 |  1.3
Short Blades   | 1 |  1.3
Long Blades    | 1 |  1.3
Axes           | 1 |  1.3
Maces & Flails | 1 |  1.3
Polearms       | 1 |  1.3
Staves         | 1 |  1.3
Slings         | 1 |  1.3
Bows           | 1 |  1.3
Crossbows      | 1 |  1.3
Throwing       | 1 |  1.3
Armour         | 1 |  1.3
Shields        | 1 |  1.3
Unarmed Combat | 1 |  1.3
Evocations     | 1 |  1.3
Hexes          | 1 |  1.0
Charms         | 1 |  1.0
Necromancy     | 1 |  1.0
Transmutations | 1 |  1.0
Fire Magic     | 1 |  1.0
Ice Magic      | 1 |  1.0
Air Magic      | 1 |  1.0
Earth Magic    | 1 |  1.0
Poison Magic   | 1 |  1.0
Dodging        | |  4.7
Stealth        | |  4.3
Spellcasting   | |  7.2

Action                   |  1- 3 |  4- 6 || total
-------------------------+-------+-------++-------
Melee: Dagger            |    82 |     6 ||    88
       Bite              |     7 |       ||     7
 Cast: Magic Dart        |    63 |    54 ||   117
       Call Imp          |       |     6 ||     6
       Blink             |       |     3 ||     3
       Conjure Flame     |       |     1 ||     1
Invok: Bend Time         |       |     1 ||     1
 Stab: Sleeping          |     1 |     2 ||     3
  Eat: Chunk             |     1 |     2 ||     3
Armor: Robe              |    11 |     2 ||    13
Dodge: Dodged            |    79 |    20 ||    99
Block: Buckler           |       |     5 ||     5

Table legend:
 A = Non-vault XP
 B = Vault XP
 C = Vault XP percentage of total XP
 D = Non-vault monster count
 E = Vault monster count
 F = Vault count percentage of total count
                 A         B        C        D         E       F
            +---------+---------+-------+---------+---------+-------
      Total |     175 |       0 |   0.0 |      60 |       0 |   0.0
            +---------+---------+-------+---------+---------+-------
        D:1 |      47 |       0 |   0.0 |      28 |       0 |   0.0
        D:2 |      89 |       0 |   0.0 |      24 |       0 |   0.0
        D:3 |      39 |       0 |   0.0 |       8 |       0 |   0.0
            +---------+---------+-------+---------+---------+-------
